 Dungeon Crawl Stone Soup version 0.30-a0-629-gd54f4be4f7 (webtiles) character file.

Game seed: 12408778221828806132

156 Dittersdorf the Covered (level 5, -15/33 HPs)
             Began as a Gargoyle Fighter on Jan 12, 2023.
             Was an Initiate of Okawaru.
             Demolished by a gnoll
             ... wielding a +0 spear of distortion
              (20 damage)
             ... on level 3 of the Dungeon.
             The game lasted 00:02:59 (2766 turns).

Dittersdorf the Covered (Gargoyle Fighter)          Turns: 2766, Time: 00:02:59

Health: -15/33     AC: 13    Str: 21    XL:     5   Next: 38%
Magic:  5/5        EV:  7    Int:  9    God:    Okawaru [......]
Gold:   183        SH:  4    Dex:  9    Spells: 4/4 levels left

rFire   . . .      SeeInvis .    a - +0 flail
rCold   . . .      Faith    .    c - +0 buckler
rNeg    + . .      Spirit   .    q - +0 chain mail
rPois   ∞          Reflect  .    (no helmet)
rElec   +          Harm     .    (no cloak)
rCorr   .          Rampage  .    (no gloves)
Will    .....                    (no boots) Stlth
                                 (no amulet)
HPRegen 0.25/turn                (no ring)
MPRegen 0.09/turn                (no ring)

@: no status effects
A: sickness immunity, AC +4, negative energy resistance 1, electricity
resistance, torment resistance 1, petrification resistance
a: Renounce Religion


You were on level 3 of the Dungeon.
You worshipped Okawaru.
Okawaru was noncommittal.
You visited 1 branch of the dungeon, and saw 4 of its levels.

You collected 183 gold pieces.

Inventory:

Hand Weapons
 a - a +0 flail (weapon)
Armour
 c - a +0 buckler (worn)
 q - a +0 chain mail (worn)
Scrolls
 b - a scroll of vulnerability {unknown}
 e - a scroll of magic mapping {unknown}
 g - 2 scrolls of immolation {unknown}
 h - 3 scrolls of identify {unknown}
 i - a scroll of poison {unknown}
 j - a scroll of brand weapon {unknown}
 k - a scroll of enchant weapon {unknown}
 l - a scroll of fog {unknown}
 m - a scroll of noise {unknown}
Potions
 d - a potion of might
 f - 2 potions of curing {unknown}
 n - a potion of haste
 o - a potion of resistance {unknown}
 p - 3 potions of brilliance {unknown}
 r - a potion of lignification {unknown}
 s - a potion of magic {unknown}


   Skills:
 + Level 4.3 Fighting
 + Level 3.1 Maces & Flails
 + Level 4.3 Armour
 + Level 4.3 Shields


You had 4 spell levels left.
You didn't know any spells.
Your spell library contained the following spells:

 Spells                   Type           Power      Damage    Failure   Level
 Sandblast                Erth           0%         2d4       99%         1
 Passwall                 Tmut/Erth      0%         N/A       100%        2
 Dazzling Flash           Conj/Hex       0%         N/A       100%        3
 Stone Arrow              Conj/Erth      0%         3d7       100%        3
 Agony                    Necr           0%         N/A       100%        5
 Silence                  Hex/Air        0%         N/A       100%        5


Dungeon Overview and Level Annotations

Branches:
Dungeon (4/15)
 Temple: D:4-7

Altars:
Kikubaaqudgha
Okawaru

Annotations:
D:3 2 transporters


Innate Abilities, Weirdness & Mutations

You are immune to sickness and miasma.
Your stone body is resilient. (AC +4)
You are immune to poison.
You resist negative energy. (rN+)
You are resistant to electric shocks. (rElec)
You are resistant to unholy torment.
You are immune to petrification.


Message History

No target in view!
No target in view!
No target in view!
You start resting.
HP restored.
You climb downwards.
The gnoll shouts!
An orc comes into view. It is wielding a +0 whip.
The gnoll hits you but does no damage.
There is a stone staircase leading up here.
The gnoll hits you but does no damage. Space warps around you.
You climb upwards.
Level annotation: 2 transporters
There is a stone staircase leading down here.
You barely miss the gnoll. The gnoll hits you but does no damage.
Space warps around you.
You barely miss the gnoll.
The gnoll hits you with a +0 spear of distortion!
Space warps around you.
You are too injured to fight recklessly!
You are too injured to fight recklessly!
You are too injured to fight recklessly!
You are too injured to fight recklessly!
You are too injured to fight recklessly!
You are too injured to fight recklessly!
You are too injured to fight recklessly!
You are too injured to fight recklessly!
You are too injured to fight recklessly!
You are too injured to fight recklessly!
You are too injured to fight recklessly!
You barely miss the gnoll. You block the gnoll's attack.
The gnoll hits you but does no damage. Space warps around you.
You barely miss the gnoll. You block the gnoll's attack.
You sock the gnoll!
The gnoll is severely wounded.
The gnoll hits you with a +0 spear of distortion!
* * * LOW HITPOINT WARNING * * *
Space warps horribly around you!!
Ouch! That really hurt!
You die...

######## #.##...............#
.......# #.##..########)#####
.#####.# #.##..# #.# .# #.#
#.##..########.# .# #.#
#.##...........# .# #.#
#.##..########.#
.#####.#####.##..### #.#
.................†.######.######
...............g@..............#
.##########..##).#.#....#.###.##
.............##..#.#.##.#.# #.#
.##########..##..#.#.##.#.# #.#
.#########...##..#......#.# #.#
..........................# #.#
.................###†###### #.#
.....###.#...##..# #.# #.#
.....###.#...##..###.########.#


You could see a gnoll.

Vanquished Creatures
  An iguana (D:4)
  A gnoll (D:3)
  4 adders
  A worm (D:2)
  2 dart slugs (D:3)
  3 orcs (D:3)
  5 bats
  2 bat zombies (D:3)
  8 endoplasms
  A giant cockroach (D:2)
  6 goblins
  7 hobgoblins
  6 jackals
  3 quokkas
  5 ball pythons
  4 frilled lizards
  4 kobolds
  7 rats
  A rat zombie (D:3)
71 creatures vanquished.

Notes
Turn   | Place    | Note
-------+----------+-------------------------------------------
     0 | D:1      | Dittersdorf the Gargoyle Fighter began the quest for the
                  | Orb.
     0 | D:1      | Reached XP level 1. HP: 14/14 MP: 1/1
   126 | D:1      | Reached XP level 2. HP: 16/19 MP: 2/2
   903 | D:2      | Reached XP level 3. HP: 21/24 MP: 3/3
  1304 | D:2      | Reached XP level 4. HP: 25/29 MP: 4/4
  1438 | D:2      | Found a faded altar of an unknown god.
  1863 | D:3      | Found a transporter.
  2024 | D:3      | Found an ancient bone altar of Kikubaaqudgha.
  2066 | D:3      | Found a transporter.
  2078 | D:3      | Found an iron altar of Okawaru.
  2088 | D:3      | Became a worshipper of Warmaster Okawaru
  2567 | D:4      | Reached XP level 5. HP: 22/33 MP: 5/5
  2766 | D:3      | Demolished by a gnoll

Illustrated notes

Levels and vault maps discovered:
D:1:      dpeg_arrival_short_road, layout_loops_ring, minmay_pentomino_u2
D:2:      layout_loops_ring, shapermc_ecumenical_altar_mp_highgroup,
          minmay_surrounded
D:3:      gammafunk_wand_slinger, layout_basic, okawaru_gym_becter,
          lemuel_zombie_altar_kikubaaqudgha
D:4:      layout_basic, nicolae_qazlal_style_of_elements,
          minmay_misc_feat_more_columns, uniq_ijyb

Skill      XL: |  1  2  3  4 |
---------------+-------------+-----
Armour         | 4 |  4.3
Shields        | 4 |  4.3
Fighting       | 4 |  4.3
Maces & Flails | 3 |  3.1

Action                   |  1- 3 |  4- 6 || total
-------------------------+-------+-------++-------
Melee: Flail             |   112 |   110 ||   222
Armor: Scale mail        |    57 |     8 ||    65
       Chain mail        |       |    81 ||    81
Dodge: Dodged            |    52 |    35 ||    87
Block: Buckler           |    23 |    39 ||    62

Table legend: (Time is in decaauts)
 A = Elapsed time spent in this place.
 B = Non-inter-level travel time spent in this place.
 C = Inter-level travel time spent in this place.
 D = Time resting spent in this place.
 E = Time spent auto-exploring this place.
 F = Levels seen in this place.
 G = Mean time per level.
                   A        B        C        D        E       F      G
               +--------+--------+--------+--------+--------+-----+--------+
         Total |   2837 |   2756 |     81 |    184 |   2059 |   4 |  709.2 |
       Dungeon |   2837 |   2756 |     81 |    184 |   2059 |   4 |  709.2 |
               +--------+--------+--------+--------+--------+-----+--------+

Top non-repeatable levels by time:
     D:2: 994 daAuts
     D:3: 938 daAuts
     D:1: 814 daAuts
     D:4: 90 daAuts
